 Dungeon Crawl Stone Soup version 0.24-a0-201-gf205589 (webtiles) character file.

Game seed: 4745175249960839150

2146 nikopol the Firebug (level 8, 0/59 HPs)
             Began as a Demigod Fire Elementalist on Mar 21, 2019.
             Killed by divine providence
             ... invoked by an orc priest
              (11 damage)
             ... on level 6 of the Dungeon on Mar 22, 2019.
             The game lasted 00:18:49 (6100 turns).

nikopol the Firebug (Demigod Fire Elementalist)     Turns: 6100, Time: 00:18:51

Health: 0/59       AC:  4    Str: 11    XL:     8   Next: 83%
Magic:  18/20      EV: 13    Int: 26    God:
Gold:   261        SH:  0    Dex: 19    Spells: 3/18 levels left

rFire    . . .     SeeInvis .   D - +6 mace "Fuba" {holy, rElec Int+3 Dex+3 Stlth-}
rCold    + . .     Gourm    .   (no shield)
rNeg     + . .     Faith    .   a - +0 robe
rPois    +         Spirit   .   C - +0 hat of the Ant {rPois rC+ rN+} (curse)
rElec    +         Reflect  .   (no cloak)
rCorr    +         Harm     .   n - +1 pair of gloves
MR       .....                  (no boots)
Stlth    ++........             (no amulet)
HPRegen  0.19/turn              l - ring of resist corrosion
MPRegen  0.17/turn              i - ring of flight

@: no status effects
A: high mp 1
a: Evoke Flight


You were on level 6 of the Dungeon.
You were not hungry.

You visited 1 branch of the dungeon, and saw 6 of its levels.
You also visited: Sewer.

You collected 261 gold pieces.

Inventory:

Hand Weapons
 D - the +6 mace "Fuba" (weapon) {holy, rElec Int+3 Dex+3 Stlth-}
   (You took it off an orc on level 5 of the Dungeon)

   It has been blessed by the Shining One to cause great damage to the undead
   and demons.
   It affects your intelligence (+3).
   It affects your dexterity (+3).
   It insulates you from electricity.
   It makes you less stealthy.
Armour
 a - a +0 robe (worn)
 n - a +1 pair of gloves (worn)
 C - the cursed +0 hat of the Ant (worn) {rPois rC+ rN+}
   (You found it on level 5 of the Dungeon)

   It protects you from cold.
   It protects you from poison.
   It protects you from negative energy.
   It has a curse placed upon it.
Jewellery
 i - a ring of flight (right hand)
 l - a ring of resist corrosion (left hand)
 w - an uncursed ring of protection from cold
 A - an uncursed ring of protection from fire {unknown}
Wands
 s - a wand of iceblast (5)
 z - a wand of polymorph (9)
 B - a wand of flame (9)
Scrolls
 e - 4 scrolls of remove curse
 k - a scroll of enchant armour
 m - 3 scrolls of fear
 o - a scroll of teleportation
 q - a scroll of enchant weapon {unknown}
 r - a scroll of immolation {unknown}
 u - 3 scrolls of identify
 v - a scroll of magic mapping {unknown}
 y - a scroll of torment {unknown}
Potions
 b - 5 potions of haste {unknown}
 d - a potion of might {unknown}
 f - a potion of lignification {unknown}
 g - 5 potions of curing
 h - 2 potions of mutation {unknown}
 j - 3 potions of degeneration {unknown}
 p - a potion of invisibility {unknown}
 t - a potion of brilliance {unknown}
Comestibles
 c - 6 rations
 x - a chunk of flesh


   Skills:
 + Level 1.0 Fighting
 + Level 2.6 Dodging
 + Level 3.0 Stealth
 + Level 5.9 Spellcasting
 + Level 5.4 Conjurations
 + Level 6.8 Fire Magic
 + Level 0.2 Evocations


You had 3 spell levels left.
You knew the following spells:

 Your Spells              Type           Power        Failure   Level  Hunger
a - Flame Tongue          Conj/Fire      #####        1%          1    None
b - Throw Flame           Conj/Fire      #####.       1%          2    None
c - Conjure Flame         Conj/Fire      #####...     1%          3    None
d - Sticky Flame          Conj/Fire      #####...     5%          4    ###....
e - Fireball              Conj/Fire      #####.....   16%         5    #####..

Your spell library contained the following spells:

 Spells                   Type           Power        Failure   Level  Hunger
 Inner Flame              Hex/Fire       ####....     4%          3    None
 Confusing Touch          Hex            #.....       7%          1    None
 Confuse                  Hex            #.......     22%         3    None
 Gell's Gravitas          Tloc           #.........   22%         3    None
 Petrify                  Tmut/Erth      #.......     56%         4    ###....
 Metabolic Englaciation   Hex/Ice        #.........   89%         5    #####..
 Yara's Violent Unravell  Hex/Tmut       #.........   89%         5    #####..


Dungeon Overview and Level Annotations

Branches:
Dungeon (6/15)             Temple (0/1) D:4


Innate Abilities, Weirdness & Mutations

You have an increased reservoir of magic. (+10% MP)


Message History

The orc priest invokes the aid of Beogh against you.
Pain shoots through your body! The orc priest barely misses you.
You barely miss the orc priest.
The orc priest is almost dead.
The orc priest barely misses you. The orc warrior misses you.
The orc priest completely misses you.
The orc priest hits you with a +0 dagger of electrocution.
You closely miss the orc priest.
The orc priest is almost dead.
The orc warrior hits you with a cursed +0 battleaxe!!
* * * LOW HITPOINT WARNING * * *
The orc priest barely misses you. x2
You are too injured to fight recklessly!
You are too injured to fight recklessly!
You are too injured to fight recklessly!
You are too injured to fight recklessly!
You are too injured to fight recklessly!
The orc priest calls down the wrath of Beogh upon you.
Beogh smites you!
You die...

... .....##
.........#
.........#
#.........
#.#.......
#......?.. ###
#.o[......
##.###.oo......
##.....@####.###
## ##.......## .#
##.........# .##
##............#
..#
##..............#
..#
#................#
.##
#.....)..........#
##
#................#
#
##....##.##......#


You could see an orc warrior and 2 orc priests.

Vanquished Creatures
  The ghost of Thaneod the Firebug, a novice DEFE (D:5)
  Prince Ribbit (D:4)
  Menkaure (D:4)
  Purgy (Sewer)
  An ogre (D:5)
  3 centaurs (D:5)
  A bullfrog (D:6)
  A water moccasin skeleton (D:4)
  2 howler monkeys
  A crimson imp (D:6)
  A bullfrog zombie (D:5)
  3 bullfrog skeletons (D:5)
  A jelly (D:6)
  A centaur zombie (D:5)
  4 orc priests
  A hound (D:4)
  Ijyb (D:5)
  2 iguanas (D:5)
  An orc wizard (D:5)
  A worker ant (D:5)
  A hound zombie (D:4)
  12 gnolls
  13 adders
  An ooze (D:3)
  An adder skeleton (D:4)
  5 worms
  3 dart slugs
  A leopard gecko (D:4)
  20 orcs
  3 ball pythons
  5 giant cockroaches
  16 goblins
  10 hobgoblins
  10 jackals
  6 kobolds
  5 quokkas
  5 bats
  7 frilled lizards
  6 rats
159 creatures vanquished.

Vanquished Creatures (others)
  2 fungi (D:3)
2 creatures vanquished.

Grand Total: 161 creatures vanquished

Notes
Turn   | Place    | Note
-------+----------+-------------------------------------------
     0 | D:1      | nikopol the Demigod Fire Elementalist began the quest for
                  | the Orb.
     0 | D:1      | Reached XP level 1. HP: 14/14 MP: 5/5
   167 | D:1      | Reached skill level 3 in Fire Magic
   257 | D:1      | Reached XP level 2. HP: 1/20 MP: 0/7
   370 | D:1      | Reached skill level 1 in Conjurations
   791 | D:2      | Reached XP level 3. HP: 26/26 MP: 3/8
  1420 | D:2      | Found a sparkling altar of Nemelex Xobeh.
  1426 | D:2      | Reached skill level 4 in Fire Magic
  1563 | D:2      | Reached XP level 4. HP: 28/33 MP: 5/10
  1853 | D:3      | Found a glowing drain.
  1861 | Sewer    | Entered a sewer
  2012 | Sewer    | Noticed Purgy
  2016 | Sewer    | Killed Purgy
  2016 | Sewer    | Reached XP level 5. HP: 38/38 MP: 7/12
  2243 | D:3      | Found a shattered altar of Ashenzari.
  2534 | D:3      | Learned a level 2 spell: Throw Flame
  2538 | D:3      | Learned a level 3 spell: Conjure Flame
  2543 | D:3      | Learned a level 4 spell: Sticky Flame
  2756 | D:3      | Reached XP level 6. HP: 36/45 MP: 0/14
  3087 | D:3      | Found a white marble altar of Elyvilon.
  3672 | D:4      | Found a staircase to the Ecumenical Temple.
  3776 | D:4      | Found an iron altar of Okawaru.
  3926 | D:4      | Noticed Menkaure
  3928 | D:4      | Killed Menkaure
  3928 | D:4      | Reached XP level 7. HP: 50/50 MP: 11/16
  4006 | D:4      | Reached skill level 5 in Fire Magic
  4405 | D:5      | Entered Level 5 of the Dungeon
  4923 | D:5      | Found a runed translucent gate.
  4923 | D:5      | Found a runed translucent gate.
  4923 | D:5      | Identified the +6 mace "Fuba" {holy, rElec Int+3 Dex+3
                  | Stlth-}
  4923 | D:5      | Noticed Thaneod's ghost (novice DEFE)
  4924 | D:5      | Found a runed translucent gate.
  4942 | D:5      | Found a roughly hewn altar of Beogh.
  5033 | D:5      | Noticed Ijyb
  5042 | D:5      | Killed Ijyb
  5042 | D:5      | Reached skill level 6 in Fire Magic
  5042 | D:5      | Reached XP level 8. HP: 58/58 MP: 11/18
  5135 | D:5      | Noticed Prince Ribbit
  5159 | D:4      | Reached skill level 5 in Spellcasting
  5170 | D:4      | Killed Prince Ribbit
  5341 | D:5      | Reached skill level 5 in Conjurations
  5402 | D:5      | Learned a level 5 spell: Fireball
  5411 | D:5      | Found an ornate altar of the Wu Jian Council.
  5474 | D:5      | Found a burning altar of Makhleb.
  5664 | D:5      | Killed Thaneod's ghost
  5664 | D:5      | Reached skill level 1 in Fighting
  5866 | D:5      | Got a fine hat
  5890 | D:5      | Identified the cursed +0 hat of the Ant {rPois rC+ rN+}
                  | (You found it on level 5 of the Dungeon)
  6045 | D:6      | Found a radiant altar of Vehumet.
  6100 | D:6      | Killed from afar by an orc priest

Levels and vault maps discovered:
D:1:      dpeg_arrival_three_smaller_balls, layout_basic, minmay_small_reverse_x
D:2:      layout_basic, nemelex_xobeh_ov_fountains_minmay,
          small_statue_intersection
D:3:      minmay_skewed_foursquare, layout_rooms, elyvilon_altar_1,
          cheibrodos_ashenzari_chains, cheibrodos_sewer_entry_drain
D:4:      layout_loops_corners, minmay_temple_entry_crystal_x, first_ration,
          kennysheep_okawaru_gauntlet, uniq_menkaure
D:5:      minmay_recursive_quarters, layout_basic, overflow_temple_1_default,
          kennysheep_mini, biasface_ghost_orc_armoury, uniq_ijyb,
          uniq_prince_ribbit1
D:6:      layout_cave_pods, fiery_altar_vehumet, marbit_many_paths,
          kennysheep_slug_shrine, uniq_blork_the_orc
Sewer:    sewer_co_purgy_island

Skill      XL: |  1  2  3  4  5  6  7  8 |
---------------+-------------------------+-----
Fire Magic     | 3 4 6 |  6.8
Conjurations   | 1 2 3 4 5 |  5.4
Dodging        | 2 |  2.6
Spellcasting   | 2 3 4 5 |  5.9
Stealth        | 2 3 |  3.0
Fighting       | 1 |  1.0
Evocations     | |  0.2

Action                   |  1- 3 |  4- 6 |  7- 9 || total
-------------------------+-------+-------+-------++-------
Melee: Unarmed           |     2 |     1 |       ||     3
       Mace              |       |       |    11 ||    11
 Cast: Flame Tongue      |    89 |   144 |   129 ||   362
       Throw Flame       |       |     2 |     1 ||     3
       Conjure Flame     |       |     2 |     2 ||     4
       Sticky Flame      |       |       |    10 ||    10
Evoke: Wand              |       |       |     4 ||     4
  Use: Scroll            |       |     6 |       ||     6
  Eat: Chunk             |     3 |     7 |     8 ||    18
Armor: Robe              |     7 |    10 |    13 ||    30
Dodge: Dodged            |    30 |    25 |    48 ||   103

Table legend:
 A = Non-vault XP
 B = Vault XP
 C = Vault XP percentage of total XP
 D = Non-vault monster count
 E = Vault monster count
 F = Vault count percentage of total count
                 A         B        C        D         E       F
            +---------+---------+-------+---------+---------+-------
      Total |    1387 |    1679 |  54.8 |     122 |      37 |  23.3
            +---------+---------+-------+---------+---------+-------
        D:1 |      32 |       8 |  20.0 |      17 |       4 |  19.0
        D:2 |      89 |       0 |   0.0 |      25 |       0 |   0.0
        D:3 |     215 |      10 |   4.4 |      33 |       6 |  15.4
        D:4 |     404 |     456 |  53.0 |      26 |       4 |  13.3
        D:5 |     458 |    1075 |  70.1 |      15 |      18 |  54.5
        D:6 |     189 |       0 |   0.0 |       6 |       0 |   0.0
      Sewer |       0 |     130 | 100.0 |       0 |       5 | 100.0
            +---------+---------+-------+---------+---------+-------
